Map: Deathaura LE

Players

AfreecaDRG (DRG)

  • Race: Zerg Zerg
  • League: Grandmaster
  • Spawn Location: 5:00

INnoVation - Winner!

  • Race: Terran Terran
  • League: Grandmaster
  • Spawn Location: 11:00

Event: DreamHack SC2 Masters 2020 Winter

VOD

Have the link to the VOD?

Description

Time

  • Played on: Oct. 27, 2020, 7:38 a.m.
  • Length: 13:21

All games in this series

Show
View Real Time Build Order
Export as new Build Order

AfreecaDRG Zerg 

Build Orders: Hatch First, Muta Ling Bane 

Get SALT Encoding   

  12  0:00  Drone  
  13  0:12  Overlord  
  13  0:16  Drone  
  14  0:30  Drone x2  
  16  0:47  Hatchery  
  15  0:50  Drone  
  15  0:53  Drone  
  15  0:56  Drone  
  18  1:08  Extractor  
  17  1:12  Spawning Pool  
  17  1:15  Drone  
  17  1:19  Drone  
  18  1:28  Drone  
  19  1:38  Drone  
  20  1:49  Drone  
  21  1:59  Queen x2  
  21  2:00  Zergling x4  
  27  2:10  Overlord  
  27  2:11  Drone  
  28  2:19  Hatchery  
  28  2:22  Drone  
  28  2:27  Metabolic Boost  
  28  2:32  Drone  
  28  2:34  Drone  
  28  2:36  Drone  
  31  2:43  Queen  
  33  2:48  Overlord  
  33  2:51  Drone  
  33  2:54  Drone  
  33  2:56  Drone  
  36  3:07  Drone  
  36  3:08  Drone x2  
  36  3:10  Drone x2  
  36  3:11  Overlord  
  41  3:16  Drone  
  42  3:21  Pneumatized Carapace  
  42  3:23  Queen  
  44  3:29  Drone x3  
  47  3:34  Queen  
  47  3:38  Overlord  
  47  3:39  Drone  
  47  3:41  Drone  
  51  3:43  Drone  
  51  3:46  Drone x2  
  54  3:51  Drone  
  54  3:53  Drone  
  54  3:54  Drone, Overlord  
  57  3:57  Drone  
  57  4:00  Queen  
  61  4:02  Drone  
  61  4:07  Zergling x4  
  63  4:12  Queen  
  63  4:14  Drone x3  
  68  4:18  Overlord  
  68  4:20  Evolution Chamber  
  68  4:22  Evolution Chamber  
  68  4:23  Extractor  
  65  4:25  Drone  
  65  4:27  Overlord  
  66  4:34  Overlord  
  66  4:36  Drone  
  66  4:37  Zergling x4  
  69  4:39  Drone x3  
  69  4:41  Drone  
  69  4:43  Zergling x2  
  74  4:49  Zerg Ground Armor Level 1, Zerg Melee Weapons Level 1  
  74  4:51  Overlord  
  74  4:52  Drone  
  75  4:53  Drone x4  
  75  4:54  Drone  
  75  4:56  Drone  
  75  4:57  Drone  
  75  4:59  Drone  
  83  5:02  Drone x2  
  85  5:09  Drone x2  
  85  5:12  Drone x4  
  91  5:14  Hatchery  
  91  5:15  Lair  
  91  5:17  Extractor  
  91  5:20  Drone, Baneling Nest  
  89  5:24  Overlord  
  89  5:25  Drone x2  
  89  5:26  Drone x2  
  92  5:30  Extractor  
  92  5:31  Overlord  
  92  5:32  Zergling x2  
  92  5:33  Zergling x2  
  92  5:34  Spore Crawler  
  92  5:36  Spore Crawler  
  92  5:37  Spore Crawler  
  92  5:39  Extractor  
  92  5:41  Extractor  
  92  5:42  Drone x4  
  92  5:48  Overlord  
  92  5:51  Drone x3  
  95  5:58  Drone x2  
  95  6:03  Spore Crawler  
  95  6:04  Drone x2  
  98  6:10  Zergling x16  
  106  6:11  Spore Crawler  
  106  6:15  Spire  
  106  6:16  Centrifical Hooks, Overseer  
  104  6:24  Drone x6  
  110  6:25  Queen  
  110  6:29  Drone x2  
  110  6:32  Zergling x2  
  115  6:38  Spore Crawler, Zergling x10  
  119  6:41  Overlord  
  115  6:48  Overseer  
  115  6:50  Drone x4  
  119  6:57  Extractor, Overlord x2  
  119  6:59  Overlord x2  
  118  7:11  Zergling x4  
  118  7:12  Overlord  
  118  7:14  Overlord  
  120  7:18  Zergling x6  
  116  7:29  Hatchery  
  115  7:30  Mutalisk x11  
  115  7:33  Zerg Flyer Weapons Level 1  
  115  7:34  Drone x6  
  115  7:35  Extractor  
  115  7:36  Overlord  
  142  7:42  Drone x4  
  146  7:48  Zergling x8  
  146  7:51  Baneling x4  
  150  7:54  Zerg Melee Weapons Level 2  
  147  8:06  Drone x2  
  147  8:07  Drone x4  
  141  8:18  Mutalisk x6  
  153  8:20  Zergling x6  
  153  8:23  Overlord  
  153  8:26  Zergling x8  
  160  8:30  Drone x2, Overlord  
  160  8:32  Zergling x8  
  160  8:33  Zerg Ground Armor Level 2  
  166  8:35  Baneling  
  161  8:41  Mutalisk  
  161  8:43  Overseer  
  161  8:45  Zergling x10  
  168  8:51  Infestation Pit  
  168  8:53  Zergling x2  
  168  8:54  Zergling x16  
  176  8:58  Drone x8, Queen  
  176  9:01  Drone  
  186  9:03  Baneling x13  
  186  9:07  Zergling x6  
  189  9:11  Baneling x2  
  189  9:14  Zergling x8  
  193  9:17  Zergling x2  
  193  9:20  Zergling x2  
  195  9:29  Zergling x26  
  194  9:31  Hive  
  194  9:33  Baneling x6  
  194  9:35  Spore Crawler  
  194  9:36  Drone x3  
  196  9:42  Zergling x6  
  196  9:45  Zergling x8  
  188  9:49  Baneling x3  
  188  9:50  Baneling x7, Zergling x6  
  190  9:53  Zergling x4  
  190  9:58  Zergling x10  
  190  9:59  Zergling x4  
  199  10:00  Baneling x8  
  199  10:01  Baneling x4  
  199  10:03  Baneling x9  
  199  10:07  Zergling x6  
  200  10:11  Zergling x6  
  200  10:12  Zergling x4  
  200  10:13  Baneling x5  
  198  10:16  Zergling x4  
  183  10:23  Zergling x20  
  183  10:26  Zergling x12  
  184  10:37  Zergling x12  
  184  10:41  Mutalisk x3  
  178  10:45  Zergling x4  
  178  10:47  Adrenal Glands  
  177  10:52  Drone x4  
  177  10:53  Extractor  
  181  10:57  Zergling x8  
  181  11:01  Baneling x7  
  184  11:05  Extractor  
  184  11:10  Zergling x10  
  188  11:15  Hatchery, Zergling x2  
  188  11:16  Zergling x4  
  188  11:18  Zergling x14  
  197  11:23  Baneling x6  
  193  11:32  Ultralisk Cavern, Zergling x10  
  197  11:33  Baneling x3  
  197  11:34  Baneling x2  
  195  11:40  Zergling x6  
  195  11:47  Baneling x8  
  194  11:48  Overseer  
  184  11:54  Zergling x10  
  184  11:55  Zergling x8  
  184  11:58  Zergling x2  
  184  11:59  Zergling x22, Overseer  
  195  12:02  Drone x3  
  172  12:11  Drone x6  
  172  12:14  Zergling x8  
  172  12:15  Baneling x6  
  165  12:20  Zergling x12  
  171  12:23  Zergling x6  
  170  12:32  Zergling x10  
  168  12:37  Zergling x4  
  168  12:42  Baneling x7, Zergling x2  
  168  12:43  Zergling x4  
  152  12:47  Baneling x9, Zergling x8  
  151  12:52  Zergling x4  
  151  12:56  Zergling x8  
  151  12:58  Baneling x3  
  158  13:01  Zergling x4  
  158  13:04  Zergling x2  
Show
View Real Time Build Order
Export as new Build Order

INnoVation Terran - Winner!

Build Orders: Hellion Opening, Reaper Expand 

Get SALT Encoding   

  12  0:00  SCV  
  13  0:12  SCV  
  14  0:17  Supply Depot  
  14  0:24  SCV  
  15  0:38  SCV  
  15  0:40  Barracks  
  16  0:43  Refinery  
  16  0:50  SCV  
  17  1:02  SCV  
  18  1:14  SCV  
  19  1:26  Orbital Command  
  19  1:27  Reaper  
  20  1:38  Command Center  
  20  1:47  Supply Depot  
  20  1:52  SCV  
  21  1:59  Marine  
  22  2:04  SCV  
  23  2:10  Factory  
  23  2:16  SCV  
  23  2:19  Barracks Reactor  
  24  2:28  SCV  
  25  2:37  Command Center  
  25  2:40  SCV  
  26  2:50  Orbital Command  
  26  2:52  SCV  
  26  2:58  Starport  
  27  3:02  Refinery  
  27  3:05  SCV  
  28  3:09  Hellion  
  28  3:11  Hellion  
  32  3:16  SCV  
  32  3:17  SCV  
  34  3:28  SCV  
  34  3:29  SCV  
  34  3:31  Hellion  
  34  3:33  Hellion  
  34  3:34  Viking  
  42  3:37  Barracks Tech Lab  
  42  3:41  SCV x2  
  44  3:49  Orbital Command  
  44  3:53  Hellion  
  44  3:54  Hellion  
  44  3:55  SCV x2  
  50  3:58  Stimpack  
  50  4:07  Armory  
  50  4:09  SCV  
  51  4:10  SCV  
  51  4:14  Supply Depot  
  51  4:15  Marine  
  53  4:21  SCV  
  53  4:22  SCV x2  
  56  4:26  Factory Tech Lab  
  56  4:27  Refinery  
  56  4:29  Refinery, Orbital Command  
  56  4:31  Factory  
  56  4:34  SCV x2  
  56  4:38  Supply Depot, Marine  
  58  4:39  Starport Reactor  
  59  4:46  SCV x2  
  59  4:52  Barracks  
  61  4:55  Barracks  
  61  4:57  Marine  
  61  4:58  SCV x2  
  61  4:59  SCV, Drilling Claws  
  67  5:00  Widow Mine  
  67  5:02  Supply Depot  
  67  5:10  SCV x2  
  67  5:11  SCV  
  69  5:15  Medivac  
  69  5:17  Widow Mine x2  
  77  5:21  Widow Mine  
  77  5:25  Medivac, Supply Depot, SCV  
  77  5:26  SCV x2  
  82  5:28  Engineering Bay  
  82  5:30  Engineering Bay  
  82  5:33  Marine  
  83  5:38  SCV x2  
  83  5:42  Barracks  
  85  5:44  Barracks  
  85  5:45  Barracks Reactor  
  85  5:46  Barracks Reactor  
  85  5:47  Widow Mine x2, SCV  
  90  5:54  Widow Mine, Combat Shield, SCV  
  93  5:59  Supply Depot  
  93  6:04  Terran Infantry Weapons Level 1  
  93  6:05  Supply Depot x2  
  93  6:06  Terran Infantry Armor Level 1  
  93  6:13  Supply Depot  
  93  6:20  Marine  
  93  6:21  Widow Mine x3, SCV  
  101  6:27  SCV x2  
  101  6:29  Supply Depot  
  101  6:31  Supply Depot  
  103  6:33  Marine x4, Barracks Reactor x2  
  103  6:36  SCV  
  103  6:37  Refinery  
  103  6:38  Medivac, Marine  
  103  6:39  SCV x2, Refinery  
  113  6:40  Medivac  
  115  6:51  Marine x4  
  115  6:53  Widow Mine x3  
  117  6:54  SCV x3  
  117  6:56  Marine  
  121  7:04  Supply Depot  
  121  7:05  Supply Depot  
  121  7:08  Missile Turret, SCV x3  
  122  7:10  Medivac x2  
  122  7:11  Marine  
  122  7:12  Marine x4  
  122  7:14  Marine  
  122  7:24  Widow Mine x3, SCV x3  
  123  7:30  Command Center  
  123  7:34  Missile Turret  
  123  7:38  Marine x5  
  123  7:40  Medivac x2  
  123  7:42  Terran Vehicle And Ship Armor Level 1  
  132  7:44  Missile Turret  
  132  7:56  Barracks  
  132  7:57  Barracks  
  132  7:58  Widow Mine x3  
  138  7:59  Barracks  
  134  8:10  Marine x9  
  135  8:18  Medivac  
  135  8:19  Thor, Medivac  
  143  8:24  Supply Depot x2  
  139  8:27  Widow Mine  
  139  8:28  Widow Mine  
  139  8:30  Terran Infantry Armor Level 2, Terran Infantry Weapons Level 2  
  139  8:31  SCV x2  
  139  8:32  SCV  
  139  8:34  Marine x6  
  150  8:47  Barracks Tech Lab x3, Marine  
  150  8:48  Marine x2  
  152  8:50  Widow Mine  
  152  8:51  Widow Mine  
  152  8:53  SCV x2  
  160  8:55  SCV  
  160  9:00  Medivac x2  
  160  9:02  Thor  
  170  9:03  Planetary Fortress  
  170  9:07  Missile Turret  
  170  9:10  Marine x5  
  170  9:11  Marauder  
  170  9:16  Supply Depot  
  170  9:17  Marauder, Supply Depot, Marine  
  177  9:23  Widow Mine x2  
  177  9:31  Marauder x2  
  177  9:33  Marauder, Medivac x2  
  177  9:34  Marine x3  
  177  9:35  Marine x2  
  177  9:38  Marine x4  
  185  9:48  Widow Mine x2  
  185  9:52  Marine x5, Marauder x2  
  194  9:54  Marauder  
  200  10:04  Command Center  
  200  10:12  Thor  
  167  10:22  Marine x3  
  167  10:25  Widow Mine x2  
  156  10:29  SCV x2  
  156  10:30  SCV x2  
  152  10:40  Medivac x2  
  133  10:43  Marine x7  
  133  10:44  Marine x5  
  133  10:46  SCV x4  
  133  10:48  Widow Mine  
  133  10:49  Widow Mine  
  151  10:54  Thor  
  157  11:01  Marine x8  
  157  11:02  Marine x2, Marauder x2  
  171  11:06  Missile Turret  
  171  11:15  Widow Mine  
  171  11:16  Widow Mine  
  175  11:19  Marine x5  
  175  11:22  Marine x2, Marauder x2  
  175  11:23  Marine, Marauder  
  190  11:32  Missile Turret  
  188  11:36  Marine  
  188  11:37  Marine x3  
  192  11:40  Marine x2  
  192  11:41  Barracks Reactor  
  192  11:42  Thor  
  199  11:48  Marine  
  197  11:54  Widow Mine x2  
  197  11:59  Marine x3  
  197  12:00  Marine x5  
  185  12:02  Medivac  
  185  12:07  Marauder x2  
  184  12:13  Planetary Fortress  
  184  12:15  Widow Mine, SCV  
  182  12:16  Widow Mine  
  182  12:17  Marine  
  182  12:18  Marine x7, Marauder  
  182  12:20  Marine  
  190  12:25  Thor  
  190  12:27  Marine  
  196  12:30  Marauder  
  196  12:35  Marine  
  196  12:36  Marine x3  
  189  12:39  Marauder  
  189  12:40  Marauder  
  189  12:43  Widow Mine x2, Marine x2  
  189  12:44  Marine  
  200  12:53  SCV x2  
  196  13:01  Marine  
Tags
 
Add a new tag
Caveats
  • Supply blocks, unpowered buildings, or Contaminate may cause inaccurate times.
  • Supply counts are checked every 10 seconds.